 Dungeon Crawl Stone Soup version 0.20.1-1-g8b1a95d (webtiles) character file.

2984 equalderp2856 the Chopper (level 9, -3/67 HPs)
             Began as a Mummy Fighter on Oct 26, 2017.
             Slain by a warg (7 damage)
             ... on level 6 of the Dungeon.
             The game lasted 00:22:19 (12684 turns).

equalderp2856 the Chopper (Mummy Fighter)          Turns: 12684, Time: 00:22:20

Health: -3/67      AC:  8    Str: 19    XL:     9   Next: 53%
Magic:  18/18      EV:  8    Int: 11    God:
Gold:   215        SH:  9    Dex: 11    Spells: 20/20 levels left

rFire    x . .     SeeInvis .   a - +0 war axe
rCold    + . .     Gourm    .   c - +0 shield
rNeg     + + +     Faith    .   b - +0 scale mail
rPois    ∞         Spirit   .   k - +0 helmet
rElec    .         Reflect  .   (no cloak)
rCorr    .         Harm     .   (no gloves)
MR       +....                  (no boots)
Stlth    ..........             l - amulet of rage
Regen    0.3/turn               (no ring)
MPRegen  0.2/turn               (no ring)

@: no status effects
A: no food or potions, fire vulnerability, cold resistance 1, negative energy
resistance 3, torment resistance, unbreathing
a: no special abilities


You were on level 6 of the Dungeon.
You were not hungry.

You visited 1 branch of the dungeon, and saw 7 of its levels.
You also visited: Sewer.

You collected 215 gold pieces.

Inventory:

Hand Weapons
 a - a +0 war axe (weapon)
 m - a +4 trident of flaming
Armour
 b - a +0 scale mail (worn)
 c - a +0 shield (worn)
 f - a +0 pair of gloves
 k - a +0 helmet (worn)
Jewellery
 l - an amulet of rage (around neck)
 s - a cursed -6 ring of dexterity {unknown}
 w - an uncursed amulet of magic regeneration {unknown}
Wands
 p - a wand of lightning (6/15)
 u - a wand of lightning (3/15)
 v - a wand of digging (4/24)
 x - a wand of polymorph (10/24)
Scrolls
 d - 3 scrolls of immolation
 e - 5 scrolls of remove curse
 g - 5 scrolls of identify
 h - a scroll of blinking {unknown}
 i - 2 scrolls of fear
 j - 3 scrolls of amnesia {unknown}
 n - a scroll of fog {unknown}
 o - a scroll of noise {unknown}
 q - a scroll of recharging {unknown}
 r - a scroll of vulnerability {unknown}
 t - a scroll of enchant weapon {unknown}


   Skills:
 + Level 4.9 Fighting
 * Level 7.4 Axes
 + Level 0.4(4.6) Polearms
 + Level 4.9 Armour
 + Level 2.5 Dodging
 + Level 0.1 Stealth
 + Level 4.4 Shields
 * Level 6.0 Spellcasting


You had 20 spell levels left.
You didn't know any spells.

Dungeon Overview and Level Annotations

Branches:
Dungeon (7/15)             Temple (0/1) D:6

Altars:
Dithmenos
Elyvilon
Fedhas
Kikubaaqudgha
Ru
Zin

Shops:
D:4 [


Innate Abilities, Weirdness & Mutations

You do not eat or drink.
Your flesh is vulnerable to fire.
You are immune to poison.
Your flesh is cold resistant. (rC+)
You are immune to negative energy. (rN+++)
You are immune to unholy pain and torment.
You can survive without breathing.


Message History

You block the warg's attack. The warg bites you!
You closely miss the warg.
The warg is moderately wounded.
You block the warg's attack.
You slash the warg!
The warg is severely wounded.
The warg bites you but does no damage. The warg bites you!
* * * LOW HITPOINT WARNING * * *
You barely miss the warg.
The warg is severely wounded.
The warg bites you!
* * * LOW HITPOINT WARNING * * *
The warg barely misses you.
You hit the warg.
The warg is severely wounded.
The warg barely misses you.
You hit the warg.
The warg is severely wounded.
You block the warg's attack. The warg bites you!
You die...

##################### ###
#.>h@[......<##......
##.###.##...#####.##.###..
##...##.##............# #..
#######.....................###..
......##...##............#.......
#####.###.###...########....#.##.
#####.###.###...##............##.
#..........##...##.####.......##.
#.###.###..##...##r# ##.....###.


You could see a warg.

Vanquished Creatures
  Pikel (D:6)
  Eustachio (D:6)
  Menkaure (D:5)
  An ice beast (D:4)
  A black bear (D:5)
  A phantom (D:4)
  A sky beast (D:5)
  An ogre (D:3)
  A centaur (D:7)
  2 crocodiles
  Blork the orc (D:6)
  A bullfrog (D:6)
  A scorpion (D:5)
  6 wights
  A bullfrog zombie (D:5)
  A centaur zombie (D:6)
  A hound (D:3)
  A quasit (D:6)
  3 crimson imps
  2 jellies
  4 orc priests
  4 orc wizards
  A bullfrog skeleton (D:6)
  An iguana (D:5)
  Natasha (thrice) (D:3)
  3 worker ants
  A hound skeleton (D:5)
  10 adders
  11 gnolls
  A howler monkey skeleton (D:4)
  A shadow imp (D:5)
  2 oozes
  3 worms
  2 dart slugs (D:1)
  6 leopard geckos
  26 orcs
  10 giant cockroaches
  8 goblins
  6 hobgoblins
  28 jackals
  3 quokkas
  4 ball pythons
  13 bats
  16 frilled lizards
  18 kobolds
  A leopard gecko skeleton (D:6)
  2 quokka skeletons
  14 rats
231 creatures vanquished.

Vanquished Creatures (others)
  An orc wizard (D:7)
1 creature vanquished.

Grand Total: 232 creatures vanquished

Notes
Turn   | Place    | Note
-------+----------+-------------------------------------------
     0 | D:1      | equalderp2856 the Mummy Fighter began the quest for the Orb.
     0 | D:1      | Reached XP level 1. HP: 18/18 MP: 1/1
   117 | D:1      | Reached XP level 2. HP: 22/24 MP: 2/2
   154 | D:1      | Reached XP level 3. HP: 9/29 MP: 3/3
   731 | D:1      | Reached skill level 2 in Axes
  1521 | D:2      | Reached XP level 4. HP: 30/35 MP: 4/4
  2302 | D:2      | Reached skill level 1 in Dodging
  2815 | D:3      | Found a shadowy altar of Dithmenos.
  2824 | D:3      | Found a blossoming altar of Fedhas.
  2827 | D:3      | Reached XP level 5. HP: 41/41 MP: 5/5
  2830 | D:3      | Found a sacrificial altar of Ru.
  2848 | D:3      | Noticed Natasha
  2857 | D:3      | Killed Natasha
  2857 | D:3      | Reached skill level 3 in Axes
  3571 | D:3      | Reached skill level 1 in Spellcasting
  4099 | D:3      | Noticed an ogre
  4154 | D:3      | Killed an ogre
  4154 | D:3      | Reached XP level 6. HP: 19/48 MP: 6/8
  4211 | D:3      | Noticed Natasha
  4224 | D:3      | HP: 1/48 [Natasha (4)]
  4226 | D:3      | Killed Natasha
  4603 | D:4      | Found a glowing drain.
  4770 | Sewer    | Entered a sewer
  4853 | Sewer    | Reached skill level 4 in Axes
  5133 | D:4      | Reached XP level 7. HP: 53/53 MP: 10/10
  5686 | D:3      | Noticed Natasha
  5700 | D:3      | Killed Natasha
  6211 | D:4      | Found Icvefe's Armour Shoppe.
  6725 | D:4      | Found an ancient bone altar of Kikubaaqudgha.
  7144 | D:4      | Found a glowing silver altar of Zin.
  7254 | D:5      | Entered Level 5 of the Dungeon
  7568 | D:5      | Reached skill level 5 in Axes
  7720 | D:5      | Reached XP level 8. HP: 35/60 MP: 13/13
  8683 | D:6      | Found a staircase to the Ecumenical Temple.
  9256 | D:6      | Reached skill level 6 in Axes
  9259 | D:6      | Noticed Eustachio
  9286 | D:6      | Noticed Menkaure
  9848 | D:5      | Killed Menkaure
  9848 | D:5      | Reached skill level 5 in Spellcasting
 10011 | D:6      | Killed Eustachio
 10115 | D:6      | Reached XP level 9. HP: 64/66 MP: 16/16
 10400 | D:6      | Found a white marble altar of Elyvilon.
 10431 | D:6      | Noticed Blork the orc
 10444 | D:6      | Killed Blork the orc
 11287 | D:7      | Noticed Pikel
 11302 | D:7      | Reached skill level 7 in Axes
 11329 | D:6      | Killed Pikel
 11446 | D:7      | Noticed an orc knight
 12682 | D:6      | HP: 3/67 [warg (13)]
 12684 | D:6      | Slain by a warg

Skill      XL: |  1  2  3  4  5  6  7  8  9 |
---------------+----------------------------+-----
Axes           | 2 3 4 5 6 7 |  7.4
Shields        | 3 4 |  4.4
Dodging        | 1 2 |  2.5
Armour         | 3 4 |  4.9
Spellcasting   | 1 2 3 5 6 |  6.0
Fighting       | 4 |  4.9
Polearms       | |  0.4
Stealth        | |  0.1

Action                   |  1- 3 |  4- 6 |  7- 9 || total
-------------------------+-------+-------+-------++-------
Melee: War axe           |   166 |   303 |   663 ||  1132
       Trident           |       |     4 |       ||     4
  Use: Scroll            |       |     1 |     2 ||     3
Armor: Scale mail        |   108 |   153 |   291 ||   552
Dodge: Dodged            |    67 |   113 |   237 ||   417
Block: Shield            |   109 |   191 |   359 ||   659
